 Dungeon Crawl Stone Soup version 0.31.0-11-ge490571c62 (webtiles) character file.

Game seed: 11542493791291796455

124 qw the Skirmisher (level 4, -3/25 HPs)
             Began as a Deep Elf Hunter on Feb 3, 2024.
             Killed by divine providence
             ... invoked by an orc priest
              (15 damage)
             ... on level 3 of the Dungeon.
             The game lasted 00:00:06 (1566 turns).

qw the Skirmisher (Deep Elf Hunter)                 Turns: 1566, Time: 00:00:07

Health: -3/25      AC:  9    Str: 10    XL:     4   Next: 81%
Magic:  6/6        EV: 11    Int: 14    God:
Gold:   86         SH:  0    Dex: 18    Spells: 3/3 levels left

rFire   . . .        a - +0 shortbow
rCold   . . .        (shield currently unavailable)
rNeg    . . .        f - +3 ring mail
rPois   .            (no helmet)
rElec   .            (no cloak)
rCorr   .            h - +0 pair of gloves
SInv    .            (no boots)
Will    .....        (no amulet)
Stlth   +            (no ring)
HPRegen 0.24/turn    (no ring)
MPRegen 0.10/turn

%: no passive effects
@: lethally poisoned (-3 -> -12)
A: no striking features
a: no special abilities


You were on level 3 of the Dungeon.
You visited 1 branch of the dungeon, and saw 3 of its levels.

You collected 86 gold pieces.


   Skills:
 - Level 1.5 Fighting
 + Level 8.2 Ranged Weapons
 - Level 2.4 Dodging
 - Level 1.2 Stealth


You had 3 spell levels left.
You didn't know any spells.
Your spell library was empty.

Inventory:

Hand Weapons
 a - a +0 shortbow (weapon)
Armour
 f - a +3 ring mail (worn)
 h - a +0 pair of gloves (worn)
Jewellery
 g - a +6 ring of dexterity
Wands
 c - a wand of light (4)
Potions
 b - a potion of mutation {unknown}
 d - a potion of cancellation {unknown}
 e - a potion of might

Dungeon Overview and Level Annotations

Branches:
Dungeon (3/15)

Altars:

Shops:
D:3 *

Annotations:
D:3 1 transporter


Message History

An adder comes into view.
An orc priest comes into view. It is wielding a +0 short sword.
The adder moves out of view.
Found 20 gold pieces.
You shoot an arrow. The orc priest shouts!
The arrow hits the orc wizard!
The orc wizard is heavily wounded.
An orc comes into view. It is wielding a +0 whip.
You shoot an arrow. The adder hisses angrily.
The arrow hits the orc wizard.
The orc wizard is severely wounded.
The orc priest calls down the wrath of Beogh upon you.
Beogh smites you!
You shoot an arrow. The arrow completely misses the orc.
The arrow hits the orc!
You kill the orc!
You shoot an arrow. The arrow hits the ball python.
You kill the ball python!
You shoot an arrow. The arrow hits the orc.
The orc is lightly wounded.
You shoot an arrow. The arrow barely misses the orc.
The arrow hits the orc wizard.
The orc wizard is severely wounded.
The orc hits you with a +1 whip of venom.
You are poisoned.
The orc wizard gestures wildly while chanting.
The orc wizard flickers and vanishes!
Deactivating autopickup; reactivate with Ctrl-A.
You shoot an arrow. The arrow hits the orc.
The orc is moderately wounded.
You feel sick. The orc hits you but does no damage. The orc misses you.
You shoot an arrow. The arrow closely misses the orc.
The arrow hits the adder!
The adder is severely wounded.
You feel sick. The orc hits you but does no damage.
You are more poisoned.
The orc priest invokes the aid of Beogh against you.
Beogh smites you!
Ouch! That really hurt!
You die...

#x ...# .. ##..#
+.....$.....+ .#.#..#
8....)....8 ##x##..#
###......... .###...#
#.# 8.....8 # .......#
#.# .oS..##. .......#
... 8{8 #.#
####..####.# # #o# #.#
##.......#.# #.#@###.#
#.......#<###.#...#.#
#.......#.......#.#.#
#..........#..#...#.#
##.......#.....#.....#
.........#.#.#.#..####
##.......#.#.#.#..#
#####.###.\..#.#..# #
#.##..#.......#####


You could see an orc priest, an adder and an orc.

Vanquished Creatures
  3 adders
  3 gnolls (D:2)
  3 dart slugs
  An orc (D:3)
  7 ball pythons
  4 bats
  7 endoplasms
  5 goblins
  5 hobgoblins
  6 jackals
  6 quokkas
  3 frilled lizards
  3 kobolds
  2 rats (D:2)
58 creatures vanquished.

Notes
Turn   | Place    | Note
-------+----------+-------------------------------------------
     0 | D:1      | qw the Deep Elf Hunter began the quest for the Orb.
     0 | D:1      | Reached XP level 1. HP: 12/12 MP: 3/3
     0 | D:1      | 0 ||| qw: Version: 0.3-a-158-g18b3111
     0 | D:1      | 0 ||| qw: Game counter: 4223
     0 | D:1      | 0 ||| qw: Melee chars always use a shield: true
     0 | D:1      | 0 ||| qw: God list: Okawaru
     0 | D:1      | 0 ||| qw: Allow faded altars: false
     0 | D:1      | 0 ||| qw: Do Orc after clearing Dungeon:15 true
     0 | D:1      | 0 ||| qw: Do second Lair branch before Depths: true
     0 | D:1      | 0 ||| qw: Lair rune preference: random
     0 | D:1      | 0 ||| qw: Goals: Normal
     0 | D:1      | 0 ||| PLANNING D:1-11
   129 | D:1      | Reached skill level 6 in Ranged Weapons
   129 | D:1      | Reached XP level 2. HP: 16/16 MP: 4/4
   447 | D:1      | Reached XP level 3. HP: 20/20 MP: 5/5
   581 | D:1      | 581 ||| UPGRADING to +3 ring mail.
   591 | D:1      | 591 ||| DROPPING +0 leather armour.
   592 | D:1      | 592 ||| UPGRADING to +0 pair of gloves.
   597 | D:1      | 597 ||| READING 3 scrolls labelled ISMORR MAYJU.
   597 | D:1      | 597 ||| IDENTIFYING sapphire potion
   598 | D:1      | 598 ||| READING 2 scrolls of identify.
   598 | D:1      | 598 ||| IDENTIFYING dark potion
   599 | D:1      | 599 ||| READING scroll of identify.
   599 | D:1      | 599 ||| IDENTIFYING scroll labelled DORIEVOUTY
   600 | D:1      | 600 ||| DROPPING scroll of butterflies.
   601 | D:1      | 601 ||| DROPPING potion of berserk rage.
   602 | D:1      | 602 ||| DROPPING scroll of immolation.
   709 | D:2      | Reached skill level 7 in Ranged Weapons
  1148 | D:2      | Reached XP level 4. HP: 25/25 MP: 6/6
  1407 | D:2      | Reached skill level 8 in Ranged Weapons
  1450 | D:3      | Found Hamotre's General Store.
  1466 | D:3      | 1466 ||| SHOPLISTING scroll of enchant armour (105 gold,
                  | have 64).
  1466 | D:3      | 1466 ||| SHOPLISTING wand of flame (18) (176 gold, have
                  | 64).
  1473 | D:3      | Noticed a small abomination
  1477 | D:3      | Noticed a small abomination
  1482 | D:3      | Found a transporter.
  1566 | D:3      | Killed from afar by an orc priest

Levels and vault maps discovered:
D:1:      nicolae_arrival_washed_ashore, layout_rooms,
          nicolae_kite_square_tiling_tiny
D:2:      layout_basic
D:3:      layout_loops_ring, serial_shops, shop, gammafunk_ghost_abyssal_escape,
          dk_noncrumbling_4, chequers_hall_statues_wall_a

Skill      XL: |  1  2  3  4 |
---------------+-------------+-----
Ranged Weapons | 6 7 8 |  8.2
Fighting       | |  1.5
Dodging        | |  2.4
Stealth        | |  1.2

Action                     |  1- 3 |  4- 6 || total
---------------------------+-------+-------++-------
   Fire: Shortbow          |   136 |    40 ||   176
    Use: Scroll            |     3 |       ||     3
 Armour: Leather armour    |     7 |       ||     7
         Ring mail         |    18 |     9 ||    27
  Dodge: Dodged            |    34 |     5 ||    39

Table legend:
 A = Non-vault XP
 B = Vault XP
 C = Vault XP percentage of total XP
 D = Non-vault monster count
 E = Vault monster count
 F = Vault count percentage of total count
                 A         B        C        D         E       F
            +---------+---------+-------+---------+---------+-------
      Total |     178 |       0 |   0.0 |      58 |       0 |   0.0
            +---------+---------+-------+---------+---------+-------
        D:1 |      46 |       0 |   0.0 |      23 |       0 |   0.0
        D:2 |     104 |       0 |   0.0 |      26 |       0 |   0.0
        D:3 |      28 |       0 |   0.0 |       9 |       0 |   0.0
            +---------+---------+-------+---------+---------+-------
